 Dungeon Crawl Stone Soup version 0.24-a0-479-g9a978d2894 (webtiles) character file.

Game seed: 689817324023761388

485 gruber the Conjurer (level 7, -1/41 HPs)
             Began as an Octopode Conjurer on July 8, 2019.
             Was a Follower of Vehumet.
             Slain by an orc
             ... wielding a +0 dagger
              (4 damage)
             ... on level 4 of the Dungeon.
             The game lasted 00:09:05 (3688 turns).

gruber the Conjurer (Octopode Conjurer)             Turns: 3688, Time: 00:09:06

Health: -1/41      AC:  1    Str:  7    XL:     7   Next: 13%
Magic:  2/13       EV: 13    Int: 20    God:    Vehumet [*.....]
Gold:   131        SH:  0    Dex: 12    Spells: 8/14 levels left

rFire    . . .     SeeInvis .   (no weapon)
rCold    . . .     Gourm    .   (no shield)
rNeg     . . .     Faith    .   (helmet restricted)
rPois    .         Spirit   .   (no amulet)
rElec    .         Reflect  .   g - ring of stealth
rCorr    .         Harm     .   (no ring)
MR       .....                  (no ring)
Stlth    ++++......             (no ring)
HPRegen  0.13/turn              (no ring)
MPRegen  0.13/turn              (no ring)
                                (no ring)
                                (no ring)

@: no status effects
A: almost no armour, stealthy swim, amphibious, 8 rings, constrict 8, camouflage
1, gelatinous body 1
a: Renounce Religion


You were on level 4 of the Dungeon.
You worshipped Vehumet.
Vehumet was aware of your devotion.
You were hungry.

You visited 1 branch of the dungeon, and saw 4 of its levels.

You collected 131 gold pieces.

Inventory:

Missiles
 j - 22 poisoned darts (quivered)
 o - 5 datura-tipped darts
Jewellery
 g - a ring of stealth (left tentacle)
Scrolls
 c - a scroll of amnesia {unknown}
 d - 3 scrolls of identify {unknown}
 e - 5 scrolls of teleportation {unknown}
 i - 3 scrolls of remove curse {unknown}
 k - 2 scrolls of enchant armour {unknown}
 m - a scroll of blinking {unknown}
 n - a scroll of enchant weapon {unknown}
 p - a scroll of random uselessness {unknown}
 q - a scroll of immolation {unknown}
Potions
 a - 3 potions of brilliance {unknown}
 f - a potion of curing {unknown}
 h - 2 potions of might {unknown}
 l - a potion of heal wounds {unknown}
Comestibles
 b - 8 rations


   Skills:
 - Level 2.0 Dodging
 - Level 4.0 Stealth
 - Level 4.1 Spellcasting
 - Level 6.0 Conjurations
 + Level 3.0 Hexes


You had 8 spell levels left.
You knew the following spells:

 Your Spells              Type           Power        Failure   Level  Hunger
a - Magic Dart            Conj           ####         1%          1    None
b - Searing Ray           Conj           ####..       1%          2    #......
c - Dazzling Spray        Conj/Hex       ###...       6%          3    ###....

Your spell library contained the following spells:

 Spells                   Type           Power        Failure   Level  Hunger
 Freeze                   Ice            #...         13%         1    None
 Iskenderun's Mystic Bla  Conj           ####....     11%         4    ####...
 Fulminant Prism          Conj/Hex       ###.......   19%         4    ####...
 Force Lance              Conj/Tloc      ###.....     34%         4    ####...


Dungeon Overview and Level Annotations

Branches:
Dungeon (4/15)
 Temple: D:4-7

Altars:
Ashenzari
Cheibriados
Kikubaaqudgha
Nemelex Xobeh
Okawaru
Ru
Vehumet
Wu Jian
Xom
Yredelemnul


Innate Abilities, Weirdness & Mutations

You cannot wear most types of armour.
You are very stealthy in the water. (Stealth+)
You are amphibious.
You can wear up to eight rings at the same time.
You can use your tentacles to constrict eight enemies at once.
Your skin changes colour to match your surroundings (Stealth+).
Your rubbery body absorbs attacks. (AC +1, EV +1)


Message History

Confirm with . or Enter, or press ? or * to list all spells.
Aiming: Magic Dart (safe; 1% risk of failure)
Press: ? - help, Shift-Dir - straight line, f/p - orc
Aim: an orc, wielding a +0 dagger and wearing a +0 scale mail (severely wounded)
The magic dart hits the orc but does no damage.
The orc is severely wounded.
The orc hits you with a +0 dagger.
* * * LOW HITPOINT WARNING * * *
Unknown command.
Throwing (i - inventory. (/) - cycle)
j - 23 poisoned darts (quivered)
Press: ? - help, Shift-Dir - straight line, f/p - orc
Aim: an orc, wielding a +0 dagger and wearing a +0 scale mail (severely wounded)
You throw a poisoned dart. The poisoned dart hits the orc.
The orc is severely wounded.
The orc completely misses you.
Unknown command.
The orc hits you with a +0 dagger.
* * * LOW HITPOINT WARNING * * *
The orc hits you with a +0 dagger.
You die...

#.........##..........# ##...
#.........##########.####....
#.........###### #.###.....
#..............# #.##......
######.........#####..#.#....
##...........†...........
#...(......######........
#......o..)# #.#.#.....
##.......@.)## #.._......
#...#..[.....####.#.#.....
#.###.....................
### #.....#...............
#...>.####........ ..(
#.....# ....†.... o #######
.......... ...........
............


You could see an orc.

Vanquished Creatures
  2 scorpions (D:4)
  2 howler monkeys (D:4)
  Crazy Yiuf (D:3)
  An orc priest (D:3)
  3 orc wizards
  A worker ant (D:4)
  6 adders
  2 oozes
  A dart slug (D:1)
  2 leopard geckos (D:2)
  9 orcs
  12 bats
  6 giant cockroaches
  7 goblins
  5 hobgoblins
  14 jackals
  6 kobolds
  A quokka (D:3)
  2 frilled lizards
  A quokka skeleton (D:4)
  7 rats
  A spectral orc (D:2)
92 creatures vanquished.

Notes
Turn   | Place    | Note
-------+----------+-------------------------------------------
     0 | D:1      | gruber the Octopode Conjurer began the quest for the Orb.
     0 | D:1      | Reached XP level 1. HP: 11/11 MP: 3/3
   256 | D:1      | Reached XP level 2. HP: 17/17 MP: 1/5
   457 | D:1      | Learned a level 2 spell: Searing Ray
   743 | D:1      | Found a shimmering altar of Xom.
   745 | D:1      | Found a shimmering altar of Xom.
   745 | D:1      | Found a snail-covered altar of Cheibriados.
   747 | D:1      | Found a sparkling altar of Nemelex Xobeh.
   747 | D:1      | Found a sparkling altar of Nemelex Xobeh.
   747 | D:1      | Found an iron altar of Okawaru.
   749 | D:1      | Reached XP level 3. HP: 21/21 MP: 4/6
  1081 | D:2      | Found an ancient bone altar of Kikubaaqudgha.
  1328 | D:2      | Reached skill level 5 in Conjurations
  1331 | D:2      | Reached XP level 4. HP: 27/27 MP: 1/7
  1661 | D:2      | Found a basalt altar of Yredelemnul.
  2012 | D:3      | Found a sacrificial altar of Ru.
  2012 | D:3      | Found a radiant altar of Vehumet.
  2013 | D:3      | Found an ornate altar of the Wu Jian Council.
  2027 | D:3      | Became a worshipper of Vehumet
  2034 | D:3      | Reached XP level 5. HP: 30/31 MP: 7/9
  2092 | D:3      | Found a runed translucent door.
  2093 | D:3      | Noticed Crazy Yiuf
  2136 | D:3      | Learned a level 3 spell: Dazzling Spray
  3185 | D:3      | Killed Crazy Yiuf
  3185 | D:3      | Reached XP level 6. HP: 36/36 MP: 6/11
  3238 | D:4      | Reached skill level 6 in Conjurations
  3366 | D:4      | Reached skill level 1 in Hexes
  3472 | D:4      | Found a shattered altar of Ashenzari.
  3496 | D:4      | Reached * piety under Vehumet
  3496 | D:4      | Offered knowledge of Freeze by Vehumet.
  3510 | D:4      | Found an iron altar of Okawaru.
  3613 | D:4      | Reached XP level 7. HP: 41/41 MP: 6/13
  3674 | D:4      | HP: 1/41 [orc/+0 dagger (3)]
  3688 | D:4      | Slain by an orc

Levels and vault maps discovered:
D:1:      dpeg_arrival_snail, layout_basic, serial_bayou, serial_bayou_pond_b,
          serial_bayou_pond_a, serial_bayou_pond_e, serial_bayou_ford_a,
          doesnt_xom_only_xom
D:2:      layout_rooms, nicolae_overflow_crystal_walls,
          yredelemnul_forgotten_temple_becter, first_ration
D:3:      layout_basic, gammafunk_temple_overflow_claw, uniq_crazy_yiuf_cottage
D:4:      layout_rooms, lemuel_coloured_pillars_altar, ashenzari_altar_1,
          minmay_temple_entry_mini_moons

Skill      XL: |  1  2  3  4  5  6  7 |
---------------+----------------------+-----
Stealth        | 3 4 |  4.0
Conjurations   | 5 6 |  6.0
Spellcasting   | 3 4 |  4.1
Hexes          | 2 3 |  3.0
Dodging        | |  2.0

Action                   |  1- 3 |  4- 6 |  7- 9 || total
-------------------------+-------+-------+-------++-------
Melee: Unarmed           |     9 |    15 |       ||    24
       Tentacles         |     1 |     2 |       ||     3
       Constrict         |     1 |     4 |       ||     5
Throw: Dart              |       |     2 |     6 ||     8
 Cast: Magic Dart        |    66 |    76 |    10 ||   152
       Searing Ray       |       |    14 |     1 ||    15
       Dazzling Spray    |       |     1 |       ||     1
  Eat: Chunk             |     1 |     8 |       ||     9
Armor: Skin              |     2 |     2 |       ||     4
Dodge: Dodged            |     8 |    21 |     4 ||    33

Table legend:
 A = Non-vault XP
 B = Vault XP
 C = Vault XP percentage of total XP
 D = Non-vault monster count
 E = Vault monster count
 F = Vault count percentage of total count
                 A         B        C        D         E       F
            +---------+---------+-------+---------+---------+-------
      Total |     641 |      53 |   7.6 |      84 |       8 |   8.7
            +---------+---------+-------+---------+---------+-------
        D:1 |      24 |      11 |  31.4 |      13 |       6 |  31.6
        D:2 |      71 |       1 |   1.4 |      25 |       1 |   3.8
        D:3 |     213 |      41 |  16.1 |      34 |       1 |   2.9
        D:4 |     333 |       0 |   0.0 |      12 |       0 |   0.0
            +---------+---------+-------+---------+---------+-------
